AoeStats
← Bliitzz67

Lombardia

509694357Analyzed
3v3 RM · 5d ago on Sep 27, 2026· 58m 27s· 6 players
Game mode
Random Map
Map size
Normal (6 player)
Population
200
Speed
Normal
Resources
Standard
Victory
Conquest
Starting age
Dark Age
Ending age
Imperial Age
RankedLock teamsTeams togetherTeam positionsShared explorationLock speedFull tech treeHidden civsTurbo modeCheats
Victory
Defeat
🇬🇧 Ethiopians · United Kingdom
1063
+14
🇫🇷 Turks · France
1059
+14
🇫🇷 Wei · France
1052
+15
🇩🇪 Magyars · Germany
1133
-19
🇩🇪 Wei · Germany
999
-13
🇩🇪 Saxons · Germany
932
-11
echo lima
4:13 Loom
10:54 Feudal Age
11:35 Double-Bit Axe
11:33 Horse Collar
13:39 Wheelbarrow
14:06 Scale Barding Armor
15:09 Forging
20:27 Castle Age
21:43 Town Watch
24:55 Bow Saw
27:05 Fervor
31:57 Imperial Age
30:01 Pikeman
32:31 Fletching
33:53 Hand Cart
34:20 Murder Holes
34:25 Bodkin Arrow
37:25 Conscription
37:29 Chain Barding Armor
37:44 Iron Casting
40:31 Caravan
41:18 Heavy Plow
40:53 Light Cavalry
43:34 Blast Furnace
45:10 Ming Guang Armor
44:06 Elite Tiger Cavalry
47:10 Bloodlines
46:36 Halberdier
48:18 Hussar
49:00 Husbandry
51:08 Thumb Ring
55:13 Chemistry
54:16 Bracer
Mugetsu
0:48 Loom
11:29 Feudal Age
13:04 Horse Collar
13:11 Double-Bit Axe
20:52 Castle Age
20:01 Town Watch
20:52 Wheelbarrow
22:04 Bow Saw
24:42 Heavy Plow
24:39 Stone Mining
24:50 Gold Mining
30:02 Imperial Age
28:18 Ballistics
28:17 Caravan
28:56 Crossbowman
30:37 Fortified Wall
30:38 Fletching
32:36 Bodkin Arrow
33:17 Thumb Ring
33:18 Padded Archer Armor
34:28 Conscription
34:25 Leather Archer Armor
34:25 Arbalester
36:59 Chemistry
36:11 Masonry
36:07 Siege Engineers
36:40 Hand Cart
36:43 Bracer
38:15 Ring Archer Armor
37:49 Heated Shot
37:55 Murder Holes
39:19 Two-Man Saw
40:58 Scale Mail Armor
41:08 Forging
42:32 Architecture
42:52 Torsion Engines
43:02 Royal Heirs
43:29 Chain Mail Armor
43:50 Iron Casting
43:22 Scale Barding Armor
44:21 Elite Shotel Warrior
46:47 Plate Mail Armor
47:18 Blast Furnace
50:41 Chain Barding Armor
50:57 Husbandry
50:18 Light Cavalry
51:22 Hussar
Bliitzz67
0:33 Loom
10:54 Feudal Age
15:28 Castle Age
14:31 Double-Bit Axe
21:27 Wheelbarrow
23:32 Horse Collar
28:59 Imperial Age
27:18 Ballistics
27:12 Fletching
28:21 Gold Mining
42:40 Artillery
45:05 Hand Cart
46:41 Forging
46:37 Scale Barding Armor
46:28 Bodkin Arrow
46:33 Padded Archer Armor
46:34 Elite Janissary
stoibech
12:45 Feudal Age
11:16 Loom
13:49 Horse Collar
13:56 Double-Bit Axe
17:25 Wheelbarrow
19:31 Castle Age
17:24 Man-at-Arms
18:27 Scale Mail Armor
19:36 Forging
20:19 Pikeman
23:42 Heavy Plow
23:55 Bow Saw
30:58 Imperial Age
34:07 Two-Man Saw
32:33 Long Swordsman
34:09 Iron Casting
33:50 Chain Mail Armor
33:23 Arson
33:39 Squires
33:29 Gambesons
34:41 Elite Hearth Troop
35:15 Two-Handed Swordsman
36:32 Town Watch
38:42 Plate Mail Armor
40:25 Hand Cart
42:14 Fletching
42:25 Padded Archer Armor
42:57 Conscription
42:58 Caravan
43:17 Bodkin Arrow
43:19 Cranequins
44:15 Thumb Ring
44:47 Heavy Mounted Crossbowman
46:34 Town Patrol
46:40 Bracer
52:52 Halberdier
Awkward Conversation
3:24 Loom
11:56 Feudal Age
12:22 Feudal Age
14:08 Double-Bit Axe
15:17 Stone Mining
19:38 Castle Age
18:02 Gold Mining
18:06 Horse Collar
19:51 Forging
20:07 Scale Barding Armor
22:12 Husbandry
24:23 Heavy Plow
25:50 Bow Saw
27:38 Gold Shaft Mining
27:52 Chain Barding Armor
28:59 Iron Casting
29:57 Wheelbarrow
32:11 Hand Cart
35:15 Imperial Age
34:24 Stone Shaft Mining
35:49 Tuntian
36:04 Fletching
36:50 Ming Guang Armor
37:09 Bloodlines
37:24 Conscription
37:46 Crop Rotation
38:40 Blast Furnace
38:51 Elite Tiger Cavalry
43:20 Ballistics
42:56 Murder Holes
44:02 Chemistry
44:07 Parthian Tactics
43:48 Thumb Ring
43:07 Elite Skirmisher
44:47 Padded Archer Armor
44:42 Bodkin Arrow
46:41 Thumb Ring
49:33 Bracer
49:49 Leather Archer Armor
50:33 Squires
You_can't_see_me
12:26 Feudal Age
10:43 Loom
16:37 Castle Age
15:12 Loom
16:57 Horse Collar
17:13 Fletching
17:46 Double-Bit Axe
21:56 Bodkin Arrow
25:21 Bloodlines
25:11 Husbandry
28:56 Corvinian Army
29:57 Scale Barding Armor
31:57 Chain Barding Armor
36:07 Gold Mining
39:06 Corvinian Army
43:02 Imperial Age
41:08 Wheelbarrow
43:11 Hand Cart
43:48 Cavalier
45:04 Plate Barding Armor
46:45 Conscription
52:18 Elite Skirmisher
53:10 Bracer
53:11 Padded Archer Armor
54:55 Leather Archer Armor
56:54 Ring Archer Armor
Connection lost

Rejoining the realm…

Still unreachable

The connection could not be restored.

Session expired

The server has moved on; the page needs a fresh start.